 Dungeon Crawl Stone Soup version 0.30-a0-743-gbfdf073431 (webtiles) character file.

Game seed: 17527319410339599433

84 Aneyh the Slasher (level 4, -5/28 HPs)
             Began as a Tengu Monk on Feb 7, 2023.
             Slain by a river rat (7 damage)
             ... in a sewer.
             The game lasted 00:03:12 (1628 turns).

Aneyh the Slasher (Tengu Monk)                      Turns: 1628, Time: 00:03:12

Health: -5/28      AC:  5    Str: 13    XL:     4   Next: 45%
Magic:  5/5        EV: 13    Int: 17    God:
Gold:   120        SH:  0    Dex: 16    Spells: 3/3 levels left

rFire   . . .      SeeInvis .    a - +0 falchion
rCold   . . .      Faith    .    (no shield)
rNeg    . . .      Spirit   .    b - +0 robe
rPois   .          Reflect  .    (helmet restricted)
rElec   .          Harm     .    g - +2 cloak
rCorr   .          Rampage  .    (no gloves)
Will    .....                    (boots unavailable)
Stlth   +                        (no amulet)
HPRegen 0.24/turn                m - +6 ring of intelligence
MPRegen 0.09/turn                (no ring)

@: very slow
A: beak, talons 3
a: no special abilities


You were in a sewer.
You visited 1 branch of the dungeon, and saw 3 of its levels.
You also visited: Sewer.

You collected 120 gold pieces.

Inventory:

Hand Weapons
 a - a +0 falchion (weapon)
 o - a +0 spear
Armour
 b - a +0 robe (worn)
 g - a +2 cloak (worn)
 k - a +0 ring mail
Jewellery
 m - a +6 ring of intelligence (left hand)
 q - a ring of flight
Scrolls
 j - 6 scrolls of identify
 l - a scroll of enchant armour
Potions
 c - a potion of ambrosia
 e - a potion of attraction {unknown}
 i - a potion of curing {unknown}
 p - a potion of degeneration {unknown}
 r - a potion of heal wounds {unknown}


   Skills:
 - Level 3.0 Fighting
 + Level 5.6 Long Blades
 - Level 3.2 Dodging
 - Level 2.0 Stealth


You had 3 spell levels left.
You didn't know any spells.
Your spell library contained the following spells:

 Spells                   Type           Power      Damage    Failure   Level
 Cigotuvi's Dreadful Rot  Necr/Pois/Air  0%         N/A       34%         2
 Poisonous Vapours        Pois/Air       0%         N/A       34%         2
 Mephitic Cloud           Conj/Pois/Air  0%         N/A       56%         3


Dungeon Overview and Level Annotations

Branches:
Dungeon (3/15)              Sewer (1/1)

Altars:
Wu Jian


Innate Abilities, Weirdness & Mutations

You have a beak for a mouth.
You have claws for feet.


Message History

The river rat barely misses you.
You hit the river rat.
You claw the river rat, but do no damage.
Your peck misses the river rat.
The river rat is lightly wounded.
The river rat bites you!
Your unstable footing causes you to fumble your attack.
The river rat bites you but does no damage.
You slash the river rat!
You claw the river rat, but do no damage.
The river rat is severely wounded.
The river rat closely misses you.
You hit the river rat. Your peck misses the river rat.
The river rat is almost dead.
The river rat barely misses you.
You hit the river rat but do no damage.
The river rat is almost dead.
The river rat bites you.
You barely miss the river rat.
You peck the river rat, but do no damage.
The river rat is almost dead.
The river rat bites you! The river rat closely misses you.
You hit the river rat.
You kill the river rat!
The river rat closely misses you.
The rat twitches its whiskers.
The rat attacks as you move away! The rat closely misses you.
The river rat closely misses you.
Your unstable footing causes you to fumble your attack.
The river rat closely misses you.
You hit the river rat but do no damage. Your kick misses the river rat.
The river rat bites you.
* * * LOW HITPOINT WARNING * * *
Your unstable footing causes you to fumble your attack.
The river rat bites you.
* * * LOW HITPOINT WARNING * * *
You hit the river rat.
The river rat is moderately wounded.
The river rat bites you!
You die...

#≈≈~≈≈≈#
#≈≈~≈≈≈#
#≈≈~≈≈≈#
#≈≈~#≈≈#
#≈≈#~≈≈#
#≈≈≈~.≈#
#≈≈≈~≈≈#
#≈.~≈≈≈#
#≈≈@≈≈≈#
#≈≈r≈≈≈#
#≈≈r≈≈≈#
#≈≈r≈≈≈#
#≈≈r≈≈≈#
##...~.#
..((.(#
.....##
......#


You could see a river rat and 3 rats.

Vanquished Creatures
  2 river rats
  An adder (D:2)
  2 worms
  2 dart slugs
  3 ball pythons
  7 endoplasms
  A giant cockroach (D:2)
  3 goblins
  4 hobgoblins
  3 jackals (D:2)
  A quokka (D:1)
  2 bats (D:1)
  2 frilled lizards
  5 kobolds (D:1)
  6 rats
  2 bushes (D:2)
46 creatures vanquished.

Notes
Turn   | Place    | Note
-------+----------+-------------------------------------------
     0 | D:1      | Aneyh the Tengu Monk began the quest for the Orb.
     0 | D:1      | Reached XP level 1. HP: 14/14 MP: 2/2
   119 | D:1      | Reached XP level 2. HP: 19/19 MP: 3/3
   185 | D:1      | Found a faded altar of an unknown god.
   189 | D:1      | Reached skill level 4 in Long Blades
   522 | D:1      | Reached XP level 3. HP: 23/23 MP: 4/4
   953 | D:2      | Reached skill level 5 in Long Blades
  1210 | D:2      | Reached XP level 4. HP: 28/28 MP: 5/5
  1499 | D:3      | Found an ornate altar of the Wu Jian Council.
  1578 | D:3      | Found a glowing drain.
  1591 | Sewer    | Entered a sewer
  1628 | Sewer    | Slain by a river rat

Illustrated notes

Levels and vault maps discovered:
D:1:      eino_arrival_cavern_d, layout_loops_cross, serial_glass,
          glass_columns_c, glass_columns_a,
          hellmonk_ecumenical_altar_pennies_from_heaven,
          hangedman_decor_growths, minmay_pentomino_u2
D:2:      layout_loops_cross, minmay_hedge_maze, minmay_misc_feat_square
D:3:      wander_river, layout_loops_ring, nzn_wu_jian_contemplation,
          lightli_sewer_entry_pipes, amethyst_killhole
Sewer:    sewer_minmay_w

Skill      XL: |  1  2  3 |
---------------+----------+-----
Long Blades    | 4 5 |  5.6
Fighting       | |  3.0
Dodging        | |  3.2
Stealth        | |  2.0

Action                     |  1- 3 |  4- 6 || total
---------------------------+-------+-------++-------
  Melee: Falchion          |   213 |    30 ||   243
         Kick              |   100 |     3 ||   103
         Peck              |    64 |     4 ||    68
         Punch             |     5 |       ||     5
  Throw: Javelin           |       |     3 ||     3
    Use: Scroll            |       |     5 ||     5
   Stab: Sleeping          |     9 |     2 ||    11
 Armour: Robe              |    14 |     2 ||    16
  Dodge: Dodged            |    36 |    14 ||    50

Table legend: (Time is in decaauts)
 A = Elapsed time spent in this place.
 B = Non-inter-level travel time spent in this place.
 C = Inter-level travel time spent in this place.
 D = Time resting spent in this place.
 E = Time spent auto-exploring this place.
 F = Levels seen in this place.
 G = Mean time per level.
                   A        B        C        D        E       F      G
               +--------+--------+--------+--------+--------+-----+--------+
         Total |   1679 |   1664 |     15 |      0 |   1085 |   4 |  419.8 |
       Dungeon |   1634 |   1619 |     15 |      0 |   1063 |   3 |  544.7 |
         Sewer |     45 |     45 |      0 |      0 |     22 |   1 |   45.0 |
               +--------+--------+--------+--------+--------+-----+--------+

Top non-repeatable levels by time:
     D:2: 869 daAuts
     D:1: 637 daAuts
     D:3: 127 daAuts
   Sewer: 45 daAuts
